 Dungeon Crawl Stone Soup version 0.30-a0-1160-g6e42c06551 (webtiles) character file.

Game seed: 14427653516653505225

179 sircluck the Chopper (level 5, 0/46 HPs)
             Began as a Hill Orc Fighter on Apr 25, 2023.
             Was an Initiate of Beogh.
             Killed by nerve-wracking pain
             ... invoked by a shadow imp
              (2 damage)
             ... on level 3 of the Dungeon.
             The game lasted 00:04:56 (2949 turns).

sircluck the Chopper (Hill Orc Fighter)             Turns: 2949, Time: 00:04:57

Health: 0/46       AC:  7    Str: 21    XL:     5   Next: 59%
Magic:  5/5        EV: 10    Int:  8    God:    Beogh [......]
Gold:   190        SH:  5    Dex: 16    Spells: 4/4 levels left

rFire   . . .        s - +0 broad axe
rCold   . . .        c - +0 buckler
rNeg    + . .        b - +0 scale mail
rPois   .            (no helmet)
rElec   .            (no cloak)
rCorr   .            (no gloves)
SInv    .            (no boots)
Will    .....        (no amulet) Stlth
                     j - +6 ring of dexterity
HPRegen 0.27/turn    k - ring of positive energy
MPRegen 0.09/turn

%: no passive effects
@: no status effects
A: no striking features
a: Renounce Religion


You were on level 3 of the Dungeon.
You worshipped Beogh.
Beogh was noncommittal.
You visited 1 branch of the dungeon, and saw 3 of its levels.

You collected 190 gold pieces.

Inventory:

Hand Weapons
 a - a +0 war axe
 p - a +0 war axe
 s - a +0 broad axe (weapon)
Missiles
 h - 15 stones (quivered)
Armour
 b - a +0 scale mail (worn)
 c - a +0 buckler (worn)
 o - an orb of mayhem
Jewellery
 j - a +6 ring of dexterity (left hand)
 k - a ring of positive energy (right hand)
Wands
 u - a wand of charming (8)
Scrolls
 e - 3 scrolls of identify {unknown}
 f - a scroll of noise {unknown}
 g - a scroll of immolation {unknown}
 i - a scroll of fear {unknown}
 n - a scroll of vulnerability {unknown}
 q - a scroll of enchant weapon {unknown}
 r - a scroll of amnesia {unknown}
 t - 2 scrolls of teleportation {unknown}
Potions
 d - a potion of might
 l - 3 potions of invisibility {unknown}
 m - a potion of cancellation {unknown}


   Skills:
 + Level 4.1 Fighting
 + Level 5.1 Axes
 + Level 0.1 Throwing
 + Level 4.3 Armour
 + Level 1.4 Dodging
 + Level 0.2 Stealth
 + Level 3.6 Shields


You had 4 spell levels left.
You didn't know any spells.
Your spell library contained the following spells:

 Spells                   Type           Power      Damage    Failure   Level
 Summon Ice Beast         Ice/Summ       0%         N/A       100%        4
 Summon Mana Viper        Hex/Summ       0%         N/A       100%        5
 Monstrous Menagerie      Summ           0%         N/A       100%        7


Dungeon Overview and Level Annotations

Branches:
Dungeon (3/15)

Altars:
Nemelex Xobeh

Annotations:
D:3 1 transporter


Message History

There is a transporter landing site here.
You open the door.
The shadow imp shouts, "Slither home, thou bumbling weeb-spouting bum-bailey!"
There is an open door here.
No reachable target in view!
No reachable target in view!
No reachable target in view!
No reachable target in view!
No reachable target in view!
You enter the shallow water.
Moving in this stuff is going to be slow.
The orc priest casts a cantrip, but nothing happens.
The shadow imp gestures at you. Pain shoots through your body!
The orc priest mumbles some strange prayers to Beogh against you.
Beogh smites you! The shadow imp gestures at you.
Pain shoots through your body! The shadow imp gestures at you.
Pain shoots through your body!
The orc priest invokes the aid of Beogh against you.
Pain shoots through your body!
Aiming: Charm
Press: ? - help, Q - select action, (/) - cycle Shift-Dir - straight line, f - orc priest
Aim: an orc priest, wielding a +0 short sword and wearing a +0 scale mail (chance to affect: 49%)
The orc priest resists with some effort.
Aiming: Charm
Press: ? - help, Q - select action, (/) - cycle Shift-Dir - straight line, f/p - orc priest
Aim: an orc priest, wielding a +0 short sword and wearing a +0 scale mail (chance to affect: 49%)
The orc priest is charmed.
The shadow imp gestures at you. Pain shoots through your body!
Your orc priest hits the shadow imp with a +0 short sword.
The orc priest mumbles some strange prayers to Beogh against you.
Beogh smites you!
* * * LOW HITPOINT WARNING * * *
You open the door. The shadow imp gestures at you.
Pain shoots through your body!
You die...

###.#.#####...##.#######.#
....#.# ##.####.## #...#
......# #..###...####.###
######## #......©......#
#....# #..#########..# #....#
#..#8P$©$P8#..# #....#
#..#~..$..P#..###### #....#
#..####'####.....>.# #....#
#..#.≈.@.≈5#.#####.#####
###....#
#..#o≈...≈o#.###........
..'....#
#..#5≈~~~≈.#.#)..#.#####
###)...# #..#.≈P♣~≈.#.#.#.#†#
..#....# #..#.≈~~~≈.#.#.#.#.#
###.#### #..#.≈...≈.#.#.###.#
..#.# #..#.≈...≈.#.#.....#
#.#.######.)####'####.#######
..#......#..#P.....P#.#


You could see an orc priest, 2 shadow imps and a friendly orc priest (charmed).

Vanquished Creatures
  Natasha (thrice) (D:2)
  Terence (D:2)
  2 adders
  2 worms
  2 dart slugs
  5 orcs (D:3)
  4 bats
  3 endoplasms
  A giant cockroach (D:2)
  3 goblins
  A hobgoblin (D:1)
  6 jackals
  6 kobolds
  2 quokkas
  5 ball pythons
  A frilled lizard (D:3)
  3 rats
50 creatures vanquished.

Vanquished Creatures (others)
  A goblin (D:3)
  A kobold (D:3)
2 creatures vanquished.

Grand Total: 52 creatures vanquished

Notes
Turn   | Place    | Note
-------+----------+-------------------------------------------
     0 | D:1      | sircluck the Hill Orc Fighter began the quest for the Orb.
     0 | D:1      | Reached XP level 1. HP: 19/19 MP: 1/1
   170 | D:1      | Reached skill level 3 in Axes
   170 | D:1      | Reached XP level 2. HP: 22/27 MP: 2/2
   382 | D:1      | Found a faded altar of an unknown god.
   806 | D:1      | Reached XP level 3. HP: 31/33 MP: 3/3
  1205 | D:2      | Noticed Terence
  1217 | D:2      | Killed Terence
  1218 | D:2      | Reached skill level 1 in Dodging
  1218 | D:2      | Reached XP level 4. HP: 4/40 MP: 4/4
  1418 | D:2      | Noticed Natasha
  1426 | D:2      | Killed Natasha
  1427 | D:2      | Reached skill level 4 in Axes
  1566 | D:2      | Noticed Natasha
  1575 | D:2      | Killed Natasha
  1576 | D:2      | Reached XP level 5. HP: 36/46 MP: 5/5
  1810 | D:2      | Noticed Natasha
  1822 | D:2      | Killed Natasha
  1885 | D:2      | You fall into a shaft and drop 1 floor!
  1930 | D:3      | Became a worshipper of Beogh the Brigand
  2108 | D:3      | Found a transporter.
  2224 | D:3      | Found a sparkling altar of Nemelex Xobeh.
  2394 | D:3      | Found a transporter.
  2708 | D:3      | Reached skill level 5 in Axes
  2948 | D:3      | HP: 2/46 [orc priest/divine providence (12)]
  2949 | D:3      | Killed from afar by a shadow imp

Illustrated notes

Levels and vault maps discovered:
D:1:      dpeg_arrival_round_b, layout_basic, basic_ecumenical_altar
D:2:      layout_basic, kennysheep_nub, uniq_natasha, uniq_terence
D:3:      gammafunk_wand_slinger, layout_basic, nemelex_dance_club_becter,
          kennysheep_potato

Skill      XL: |  1  2  3  4  5 |
---------------+----------------+-----
Axes           | 3 4 5 |  5.1
Fighting       | 4 |  4.1
Dodging        | 1 |  1.4
Armour         | 4 |  4.3
Throwing       | |  0.1
Stealth        | |  0.2
Shields        | |  3.6

Action                     |  1- 3 |  4- 6 || total
---------------------------+-------+-------++-------
  Melee: War axe           |    89 |    40 ||   129
         Broad axe         |       |    28 ||    28
  Throw: Stone             |    17 |       ||    17
 Invoke: Convert to Beogh  |       |     1 ||     1
  Evoke: Wand              |       |     2 ||     2
 Armour: Scale mail        |    35 |    26 ||    61
  Dodge: Dodged            |    52 |    27 ||    79
  Block: Buckler           |    24 |    12 ||    36

Table legend: (Time is in decaauts)
 A = Elapsed time spent in this place.
 B = Non-inter-level travel time spent in this place.
 C = Inter-level travel time spent in this place.
 D = Time resting spent in this place.
 E = Time spent auto-exploring this place.
 F = Levels seen in this place.
 G = Mean time per level.
                   A        B        C        D        E       F      G
               +--------+--------+--------+--------+--------+-----+--------+
         Total |   3037 |   2869 |    168 |      0 |   2053 |   3 | 1012.3 |
       Dungeon |   3037 |   2869 |    168 |      0 |   2053 |   3 | 1012.3 |
               +--------+--------+--------+--------+--------+-----+--------+

Top non-repeatable levels by time:
     D:3: 1079 daAuts
     D:2: 1054 daAuts
     D:1: 903 daAuts
